 Dungeon Crawl Stone Soup version 0.25-a0-292-gaa31f046c4 (webtiles) character file.

Game seed: 9110025312430015699, levelgen mode: classic

1025 Borgoz the Skirmisher (level 8, -2/73 HPs)
             Began as a Minotaur Berserker on Dec 16, 2019.
             Was a Priest of Trog.
             Slain by an orc wizard
             ... wielding a +0 dagger
              (5 damage)
             ... on level 5 of the Dungeon.
             The game lasted 00:04:58 (3521 turns).

Borgoz the Skirmisher (Minotaur Berserker)          Turns: 3521, Time: 00:04:58

Health: -2/73      AC:  0    Str: 21 (24) XL:     8   Next: 2%
Magic:  7/7        EV: 12    Int:  6 (9)  God:    Trog [***...]
Gold:   230        SH:  0    Dex:  7 (10) Spells: 7/7 levels left

rFire    . . .     SeeInvis .   a - +0 falchion
rCold    . . .     Gourm    .   (no shield)
rNeg     . . .     Faith    .   r - +0 ring mail
rPois    .         Spirit   .   (helmet restricted)
rElec    .         Reflect  .   (no cloak)
rCorr    .         Harm     .   g - +0 pair of gloves
MR       +....                  (no boots)
Stlth    +.........             (no amulet)
HPRegen  0.22/turn              k - ring of protection from magic
MPRegen  0.10/turn              n - ring of stealth

@: brilliant, corroded
A: retaliatory headbutt, horns 2
a: Berserk, Trog's Hand, Renounce Religion


You were on level 5 of the Dungeon.
You worshipped Trog.
Trog was most pleased with you.
You were not hungry.

You visited 1 branch of the dungeon, and saw 5 of its levels.

You collected 230 gold pieces.

Inventory:

Hand Weapons
 a - a +0 falchion (weapon)
Armour
 g - a +0 pair of gloves (worn)
 r - a +0 ring mail (worn)
Jewellery
 k - a ring of protection from magic (left hand)
 n - a ring of stealth (right hand)
Wands
 m - a wand of digging (8)
Scrolls
 b - 3 scrolls of teleportation {unknown}
 e - 2 scrolls of remove curse {unknown}
 f - 2 scrolls of fear {unknown}
 j - 11 scrolls of identify {unknown}
 l - a scroll of enchant weapon {unknown}
 p - 2 scrolls of immolation {unknown}
 q - a scroll of enchant armour {unknown}
 v - a scroll of magic mapping {unknown}
Potions
 o - a potion of magic
Comestibles
 c - 10 rations
 h - 7 chunks of flesh


   Skills:
 * Level 7.3 Fighting
 * Level 7.3 Long Blades
 * Level 6.2 Armour
 - Level 3.5 Dodging


You had 7 spell levels left.
You didn't know any spells.
Your spell library was empty.

Dungeon Overview and Level Annotations

Branches:
Dungeon (5/15)
 Temple: D:4-7

Altars:
Kikubaaqudgha
Sif Muna
Vehumet
The Shining One

Annotations:
D:5 Grinder


Innate Abilities, Weirdness & Mutations

You reflexively headbutt those who attack you in melee.
You have a pair of horns on your head.


Message History

The orc hits you but does no damage.
You slash the jelly!
You kill the jelly!
Trog accepts your kill.
You have reached level 8!
You feel agile.
The orc wizard hits you but does no damage. x2
The orc priest hits you but does no damage.
You hit the orc priest but do no damage.
The orc barely misses you.
The orc wizard hits you but does no damage.
The bullfrog skeleton hits you but does no damage.
The orc priest hits you.
* * * LOW HITPOINT WARNING * * *
You hit the orc priest but do no damage.
You feel less wooden.
Your +0 pair of gloves unmelds from your body.
Your +0 ring mail unmelds from your body.
The orc wizard hits you with a +0 dagger.
You die...

###.......#.........#...
.........#..(÷.....#...
.# #.......#......<..#...
...#.......#.............
.....5...................
...........##.........##.
.....##.5###.........###.
.%.#.###Z# #........>##>.
......oo@# #.............
.....ooo.##.............
.##.###...#.<..^......##
# ...(##............
....###......####.
##(......#.######÷.
....#..###.###.....
.#..#......##......
...................


You could see Grinder, an orc priest, an orc wizard, a crimson imp, 3 orcs and a
bullfrog skeleton.

Vanquished Creatures
  A water moccasin (D:4)
  4 ogres
  2 centaurs (D:5)
  2 scorpions (D:4)
  A jelly (D:5)
  2 iguanas
  2 worker ants
  Ijyb (D:5)
  An orc wizard (D:4)
  3 gnolls (D:4)
  An adder (D:5)
  A howler monkey skeleton (D:4)
  A shadow imp (D:5)
  2 dart slugs
  A leopard gecko (D:4)
  13 orcs
  4 giant cockroaches
  11 goblins
  5 hobgoblins
  6 jackals
  4 kobolds
  A quokka (D:5)
  7 bats
  5 frilled lizards
  9 rats
90 creatures vanquished.

Notes
Turn   | Place    | Note
-------+----------+-------------------------------------------
     0 | D:1      | Borgoz the Minotaur Berserker began the quest for the Orb.
     0 | D:1      | Reached XP level 1. HP: 19/19 MP: 0/0
   131 | D:1      | Reached XP level 2. HP: 26/27 MP: 1/1
  1000 | D:3      | Reached XP level 3. HP: 33/33 MP: 2/2
  1001 | D:3      | Noticed an ogre
  1005 | D:3      | Killed an ogre
  1005 | D:3      | Reached XP level 4. HP: 41/41 MP: 3/3
  1028 | D:3      | Found a radiant altar of Vehumet.
  1100 | D:3      | Reached ** piety under Trog
  1452 | D:3      | Found an ancient bone altar of Kikubaaqudgha.
  1453 | D:3      | Found a shimmering blue altar of Sif Muna.
  1508 | D:3      | Reached XP level 5. HP: 47/47 MP: 4/4
  1582 | D:4      | Noticed a water moccasin
  1589 | D:4      | Killed a water moccasin
  1589 | D:4      | Reached skill level 5 in Fighting
  1589 | D:4      | Reached skill level 5 in Long Blades
  1623 | D:4      | Reached XP level 6. HP: 27/56 MP: 5/5
  1887 | D:4      | Found a glowing golden altar of the Shining One.
  2140 | D:4      | HP: 2/57 [ogre/+0 giant club (12)]
  2144 | D:4      | Reached XP level 7. HP: 13/63 MP: 6/6
  2581 | D:4      | Reached skill level 5 in Armour
  3030 | D:4      | Reached *** piety under Trog
  3299 | D:5      | Entered Level 5 of the Dungeon
  3299 | D:5      | Noticed Ijyb
  3320 | D:5      | Killed Ijyb
  3469 | D:5      | Noticed Grinder
  3516 | D:5      | HP: 4/99 [orc priest (1)]
  3519 | D:5      | Reached XP level 8. HP: 5/73 MP: 7/7
  3521 | D:5      | Slain by an orc wizard

Levels and vault maps discovered:
D:1:      lightli_arrival_chessboard, layout_basic
D:2:      layout_rooms
D:3:      layout_basic, grunt_temple_overflow_magic_moments
D:4:      layout_loops_cross, tso_metal_star, serial_forest,
          infiniplex_forest_corner_1, infiniplex_forest_clump_diagonal,
          infiniplex_forest_fountain, infiniplex_forest_straight_2,
          infiniplex_forest_clump_long, chequers_decorated_corner, nrook_uturn,
          minmay_ogre_servants
D:5:      layout_rooms, elyvilon_altar_4, minmay_temple_entry_hall,
          first_ration, serial_shops, shop_fountains, minivault_25,
          minmay_fractal_squares_diagonal_5, uniq_grinder, uniq_ijyb

Skill      XL: |  1  2  3  4  5  6  7 |
---------------+----------------------+-----
Fighting       | 4 5 6 7 |  7.3
Long Blades    | 4 5 6 7 |  7.3
Dodging        | 3 |  3.5
Armour         | 3 4 6 |  6.2

Action                   |  1- 3 |  4- 6 |  7- 9 || total
-------------------------+-------+-------+-------++-------
Melee: Falchion          |    42 |    73 |   110 ||   225
       Headbutt          |    12 |     8 |    15 ||    35
Invok: Berserk           |       |     1 |       ||     1
  Use: Potion            |       |     3 |     7 ||    10
 Stab: Sleeping          |       |       |     2 ||     2
  Eat: Chunk             |       |     5 |     4 ||     9
Armor: Animal skin       |    12 |     9 |       ||    21
       Ring mail         |       |    12 |    12 ||    24
       Skin              |       |       |    76 ||    76
Dodge: Dodged            |    38 |    45 |    42 ||   125
       Rpst.: Falchion   |    15 |     7 |    16 ||    38

Table legend:
 A = Non-vault XP
 B = Vault XP
 C = Vault XP percentage of total XP
 D = Non-vault monster count
 E = Vault monster count
 F = Vault count percentage of total count
                 A         B        C        D         E       F
            +---------+---------+-------+---------+---------+-------
      Total |    1293 |     172 |  11.7 |      80 |      10 |  11.1
            +---------+---------+-------+---------+---------+-------
        D:1 |      25 |       0 |   0.0 |      15 |       0 |   0.0
        D:2 |      15 |       0 |   0.0 |      10 |       0 |   0.0
        D:3 |     164 |       0 |   0.0 |      21 |       0 |   0.0
        D:4 |     721 |     136 |  15.9 |      23 |       9 |  28.1
        D:5 |     368 |      36 |   8.9 |      11 |       1 |   8.3
            +---------+---------+-------+---------+---------+-------
